 Dungeon Crawl Stone Soup version 0.30-a0-374-g95c0257040 (webtiles) character file.

Game seed: 8469105737289774428

3005 Bnni the Destroyer (level 9, -5/54 HPs)
             Began as a Tengu Conjurer on Nov 25, 2022.
             Was a Priest of Vehumet.
             Engulfed by a cloud of freezing vapour (24 damage)
             ... on level 7 of the Dungeon.
             The game lasted 00:25:15 (8998 turns).

Bnni the Destroyer (Tengu Conjurer)                 Turns: 8998, Time: 00:25:15

Health: -5/54      AC:  4    Str: 14    XL:     9   Next: 84%
Magic:  3/18       EV: 14    Int: 24    God:    Vehumet [***...]
Gold:   303        SH:  0    Dex: 12    Spells: 1/19 levels left

rFire   . . .      SeeInvis +    C - +3 rapier "Fepogra" {vamp, rElec Will+ Str+3 SInv}
rCold   . . .      Faith    .    (no shield)
rNeg    + . .      Spirit   .    g - +0 robe
rPois   .          Reflect  .    (helmet restricted)
rElec   +          Harm     .    (no cloak)
rCorr   +          Rampage  .    d - +1 pair of gloves of the Great Game {Str+4}
Will    +....                    (boots unavailable)
Stlth   ++........               (no amulet)
HPRegen 0.29/turn                t - ring of resist corrosion
MPRegen 0.16/turn                u - ring of positive energy

@: flying quickly and evasively, quick
A: beak, talons 3, nimble flight
a: Renounce Religion


You were on level 7 of the Dungeon.
You worshipped Vehumet.
Vehumet was most pleased with you.
You visited 1 branch of the dungeon, and saw 7 of its levels.

You collected 303 gold pieces.

Inventory:

Hand Weapons
 C - the +3 rapier "Fepogra" (weapon) {vamp, rElec Will+ Str+3 SInv}
   (You found it on level 6 of the Dungeon)

   It occasionally heals its wielder for a portion of the damage dealt when it
   wounds a living foe.
   Str:       It affects your strength (+3).
   rElec:     It insulates you from electricity.
   SInv:      It lets you see invisible.
   Will:      It increases your willpower.
Missiles
 m - 4 curare-tipped darts
 v - a throwing net
Armour
 d - the +1 pair of gloves of the Great Game (worn) {Str+4}
   (You found it on level 4 of the Dungeon)

   Str:       It affects your strength (+4).
 g - a +0 robe (worn)
Jewellery
 a - a ring of positive energy
 t - a ring of resist corrosion (left hand)
 u - a ring of positive energy (right hand)
 B - a ring of fire
 E - an amulet of regeneration
Wands
 j - a wand of light (11)
 q - a wand of flame (10)
 D - a wand of paralysis (5)
Scrolls
 e - 3 scrolls of teleportation {unknown}
 f - 2 scrolls of poison {unknown}
 h - 2 scrolls of blinking {unknown}
 i - 2 scrolls of vulnerability {unknown}
 k - a scroll of summoning {unknown}
 l - 4 scrolls of amnesia
 w - a scroll of fog {unknown}
 y - 2 scrolls of identify {unknown}
 A - a scroll of silence {unknown}
Potions
 b - a potion of magic
 c - 3 potions of curing
 n - 2 potions of berserk rage {unknown}
 o - 4 potions of heal wounds {unknown}
 p - 3 potions of attraction {unknown}
 r - 2 potions of might {unknown}
 s - 2 potions of invisibility {unknown}
 x - 2 potions of lignification {unknown}
 z - a potion of haste {unknown}
 F - a potion of degeneration {unknown}
 G - a potion of cancellation {unknown}


   Skills:
 + Level 5.6 Fighting
 - Level 2.1 Dodging
 - Level 2.0 Stealth
 + Level 5.6 Spellcasting
 * Level 12.0 Conjurations
 - Level 3.0 Hexes
 - Level 3.0 Translocations
 * Level 3.1 Air Magic


You had one spell level left.
You knew the following spells:

 Your Spells              Type           Power      Damage    Failure   Level
a - Magic Dart            Conj           100%       1d8       1%          1
b - Blink                 Tloc           42%        N/A       3%          2
c - Searing Ray           Conj           100%       2d8       1%          2
d - Iskenderun's Mystic   Conj/Tloc      43%        2d10      1%          4
e - Fulminant Prism       Conj/Hex       21%        3d12      1%          4
f - Freezing Cloud        Conj/Ice/Air   15%        6-21      8%          5

Your spell library contained the following spells:

 Spells                   Type           Power      Damage    Failure   Level
 Frozen Ramparts          Ice            12%        1d2       7%          3
 Sandblast                Erth           12%        2d6       2%          1
 Beastly Appendage        Tmut           12%        N/A       9%          1
 Dazzling Flash           Conj/Hex       86%        N/A       1%          3
 Stone Arrow              Conj/Erth      70%        3d11      1%          3
 Kindle Blastsparks       Fire/Tloc/Air  32%        2d12      3%          3
 Ignite Poison            Fire/Tmut/Pois 6%         N/A       7%          3
 Passwall                 Tmut/Erth      5%         N/A       12%         2
 Wereblood                Tmut           6%         N/A       12%         2
 Spider Form              Tmut/Pois      6%         N/A       24%         3
 Manifold Assault         Tloc           21%        N/A       24%         4
 Storm Form               Tmut/Air       7%         N/A       100%        7


Dungeon Overview and Level Annotations

Branches:
Dungeon (7/15)             Temple (0/1) D:7

Altars:
Elyvilon
Qazlal
Sif Muna
Vehumet
Xom
Zin
The Shining One

Shops:
D:2 *   D:5 =

Portals:
Abyss: D:6

Annotations:
D:6 2 transporters, Iidacon's ghost, novice OgGl
D:7 skairaider's ghost, novice HuFi


Innate Abilities, Weirdness & Mutations

You have a beak for a mouth.
You have claws for feet.
Your magical nature lets you fly swiftly and evasively.


Message History

A fulminant prism comes into view.
Casting: Fulminant Prism (dangerous; 1% risk of failure)
Confirm with . or Enter, or press ? or * to list all spells.
Aiming: Fulminant Prism (dangerous; 1% risk of failure)
Press: ? - help, Dir - move target You conjure a prism of explosive energy!
A fulminant prism comes into view.
Your fulminant prism crackles loudly.
You hear an explosion!
Your fulminant prism crackles loudly.
Your fulminant prism explodes!
Casting: Fulminant Prism (dangerous; 1% risk of failure)
Confirm with . or Enter, or press ? or * to list all spells.
Aiming: Fulminant Prism (dangerous; 1% risk of failure)
Press: ? - help, Dir - move target You conjure a prism of explosive energy!
A fulminant prism comes into view.
Your fulminant prism crackles loudly.
Your fulminant prism explodes!
The blast of energy engulfs skairaider's ghost.
Skairaider's ghost is lightly damaged.
Casting: Fulminant Prism (dangerous; 1% risk of failure)
Confirm with . or Enter, or press ? or * to list all spells.
The spell is quite dangerous to miscast (8% risk of failure)!
Continue anyway?
Aiming: Freezing Cloud (quite dangerous; 8% risk of failure)
Press: ? - help, Dir - move target, f - skairaider's ghost
Aim: skairaider's ghost, wielding a vorpal weapon (lightly damaged) That beam is likely to hit you.
Continue anyway? [Y]es or [N]o only, please.
That beam is likely to hit you.
Continue anyway?
You are engulfed in freezing vapours.
Skairaider's ghost is engulfed in freezing vapours.
Okay, then.
Okay, then.
Okay, then.
Okay, then.
You are engulfed in freezing vapours.
Skairaider's ghost is engulfed in freezing vapours.
You are engulfed in freezing vapours.
You die...

.#########..............#.##.#
.....# #..##.......*W....##.#
#.##.####.###.#########.####.#
..............# #.# #.#
.####.........# #W# #.#
.#..#...####..# #.# #.#
.#..#...#..#..# #.# #.#
.##'##..'..#..#########§# #.#
.#..)#..####...§@§§§§W§§# #.#
.#...).........#############.####
.#...#)........#..#........#.....
.#####..####...#..#.######.#.####
.#..#)..#..#...#..#.#.<..#.#.# #
.#.)'.⌠.#..#...#..#.#..#.#.#.# #
.####...'..#...#..#.#..#.#.#.####
.......##'##...#..#.####.#.#....#
.......#..#....#....)....#.#.....


You could see skairaider's ghost.

Vanquished Creatures
  A meliai (D:7)
  A wyvern (D:7)
  3 water moccasins (D:7)
  An orc warrior (D:6)
  A sky beast (D:6)
  A black bear (D:5)
  3 ogres
  2 centaurs
  A phantom (D:4)
  2 kobold brigands (D:6)
  A bullfrog (D:6)
  A necrophage (D:6)
  10 wights
  4 howler monkeys
  A hound (D:5)
  A jelly (D:4)
  6 orc priests
  Jessica (D:2)
  Natasha (twice) (D:3)
  4 orc wizards
  7 adders
  3 gnolls (D:4)
  A shadow imp (D:7)
  An ufetubus (D:7)
  4 worms
  4 dart slugs
  27 orcs
  5 ball pythons
  4 bats
  6 endoplasms
  A giant cockroach (D:1)
  6 goblins
  17 hobgoblins
  3 jackals (D:2)
  A quokka (D:2)
  6 frilled lizards
  19 kobolds
  A rat (D:2)
163 creatures vanquished.

Vanquished Creatures (others)
  19 fulminant prisms
  16 plants
35 creatures vanquished.

Grand Total: 198 creatures vanquished

Notes
Turn   | Place    | Note
-------+----------+-------------------------------------------
     0 | D:1      | Bnni the Tengu Conjurer began the quest for the Orb.
     0 | D:1      | Reached XP level 1. HP: 10/10 MP: 4/4
   388 | D:1      | Reached XP level 2. HP: 16/16 MP: 4/6
   893 | D:1      | Reached skill level 1 in Fighting
   969 | D:2      | Reached skill level 6 in Conjurations
   969 | D:2      | Reached XP level 3. HP: 20/20 MP: 7/7
   984 | D:2      | Learned a level 2 spell: Searing Ray
  1148 | D:2      | Noticed Jessica
  1150 | D:2      | Killed Jessica
  1151 | D:2      | Reached XP level 4. HP: 25/25 MP: 4/8
  1213 | D:2      | Found a faded altar of an unknown god.
  1421 | D:2      | Found Teferche's General Store.
  1697 | D:2      | Learned a level 4 spell: Fulminant Prism
  1785 | D:2      | Gained mutation: Your magical nature lets you fly swiftly
                  | and evasively. [Tengu growth]
  1785 | D:2      | Reached XP level 5. HP: 30/30 MP: 5/10
  2020 | D:3      | Reached skill level 7 in Conjurations
  2168 | D:3      | Found a radiant altar of Vehumet.
  2181 | D:3      | Became a worshipper of Vehumet
  2282 | D:3      | Noticed Natasha
  2288 | D:3      | Killed Natasha
  2905 | D:4      | HP: 1/31 [orc priest/divine providence (10)]
  2983 | D:3      | Noticed Natasha
  2988 | D:3      | Killed Natasha
  3045 | D:4      | Reached XP level 6. HP: 22/36 MP: 5/11
  3279 | D:4      | Reached skill level 1 in Translocations
  3316 | D:4      | Reached skill level 8 in Conjurations
  3506 | D:4      | Reached * piety under Vehumet
  3506 | D:4      | Offered knowledge of Foxfire by Vehumet.
  3512 | D:4      | Learned a level 4 spell: Iskenderun's Mystic Blast
  3589 | D:4      | Reached skill level 1 in Hexes
  3641 | D:4      | Reached XP level 7. HP: 40/40 MP: 7/13
  3787 | D:4      | You are sucked into a shaft and drop 2 floors!
  3989 | D:6      | Found a one-way gate to the infinite horrors of the Abyss.
  3989 | D:6      | Noticed Iidacon's ghost (novice OgGl)
  3992 | D:6      | Found a transporter.
  4002 | D:6      | Noticed a small abomination
  4157 | D:5      | Entered Level 5 of the Dungeon
  4725 | D:5      | Found a white marble altar of Elyvilon.
  4729 | D:5      | Found a glowing silver altar of Zin.
  4732 | D:5      | Found a shimmering altar of Xom.
  4732 | D:5      | Found a shimmering blue altar of Sif Muna.
  4739 | D:5      | Found a stormy altar of Qazlal.
  4885 | D:5      | Learned a level 2 spell: Blink
  4982 | D:4      | Identified the +1 pair of gloves of the Great Game {Str+4}
  5335 | D:5      | Found Ifyfitu's Jewellery Shoppe.
  5430 | D:5      | Reached skill level 9 in Conjurations
  5430 | D:5      | Reached XP level 8. HP: 43/47 MP: 3/15
  5869 | D:6      | Identified the +3 rapier "Fepogra" {vamp, rElec Will+ Str+3
                  | SInv}
  6196 | D:6      | Reached skill level 10 in Conjurations
  6423 | D:6      | Reached ** piety under Vehumet
  6423 | D:6      | Offered knowledge of Scorch by Vehumet.
  6520 | D:6      | Found a transporter.
  6530 | D:6      | Noticed an ancient zyme
  6642 | D:6      | Reached XP level 9. HP: 13/52 MP: 5/17
  7223 | D:7      | Noticed skairaider's ghost (novice HuFi)
  7224 | D:7      | Noticed a meliai
  7282 | D:7      | Found a runed translucent door.
  7289 | D:7      | Killed a meliai
  7290 | D:7      | Reached skill level 5 in Spellcasting
  7290 | D:7      | Reached skill level 11 in Conjurations
  7460 | D:7      | Reached skill level 5 in Fighting
  7675 | D:7      | Offered knowledge of Frozen Ramparts by Vehumet.
  7688 | D:7      | Learned a level 5 spell: Freezing Cloud
  7698 | D:7      | Reached skill level 1 in Air Magic
  7844 | D:7      | Found a staircase to the Ecumenical Temple.
  7931 | D:7      | Found a glowing golden altar of the Shining One.
  8143 | D:7      | Reached *** piety under Vehumet
  8144 | D:7      | Reached skill level 12 in Conjurations
  8998 | D:7      | Engulfed by a cloud of freezing vapour

Illustrated notes

Levels and vault maps discovered:
D:1:      lightli_arrival_flooded_house, layout_loops_ring
D:2:      layout_rooms, serial_shops,
          nicolae_shop_temple_entry_statues_fountains, basic_ecumenical_altar,
          uniq_jessica
D:3:      layout_basic, vehumet_altar_wand_db, minmay_close_crescents,
          uniq_natasha
D:4:      layout_basic
D:5:      layout_gridville, nicolae_overflow_hallway_of_the_gods, serial_shops,
          shop, minmay_misc_feat_x, nicolae_zen_rock_garden
D:6:      layout_layer_cave, gammafunk_ghost_abyssal_escape,
          lexackson_kobold_supper
D:7:      corexii_shack_village, layout_basic, nicolae_tso_carved_into_rock,
          minmay_temple_entry_slanted, ebering_ghost_inner_flame,
          nicolae_figureground_sparkle

Skill      XL: |  1  2  3  4  5  6  7  8  9 |
---------------+----------------------------+-----
Fighting       | 1 2 3 4 5 |  5.6
Conjurations   | 6 7 8 9 10 12 | 12.0
Spellcasting   | 3 4 5 |  5.6
Translocations | 1 2 3 |  3.0
Hexes          | 1 2 3 |  3.0
Air Magic      | 3 |  3.1
Dodging        | |  2.1
Stealth        | |  2.0

Action                   |  1- 3 |  4- 6 |  7- 9 || total
-------------------------+-------+-------+-------++-------
Melee: Dagger            |    16 |    15 |     4 ||    35
       Kick              |     5 |     3 |     4 ||    12
       Peck              |     3 |     4 |     7 ||    14
       Rapier            |       |       |    29 ||    29
       Short sword       |       |       |     3 ||     3
 Cast: Magic Dart        |    40 |    76 |   109 ||   225
       Searing Ray       |     2 |    13 |    21 ||    36
       Fulminant Prism   |       |       |    19 ||    19
       Iskenderun's Myst |       |       |    10 ||    10
       Freezing Cloud    |       |       |     1 ||     1
Evoke: Wand              |       |       |     1 ||     1
  Use: Potion            |       |     1 |       ||     1
       Scroll            |       |       |     2 ||     2
 Stab: Sleeping          |     1 |     1 |     1 ||     3
Armor: Robe              |     6 |     5 |    15 ||    26
Dodge: Dodged            |    20 |    40 |    51 ||   111

Table legend: (Time is in decaauts)
 A = Elapsed time spent in this place.
 B = Non-inter-level travel time spent in this place.
 C = Inter-level travel time spent in this place.
 D = Time resting spent in this place.
 E = Time spent auto-exploring this place.
 F = Levels seen in this place.
 G = Mean time per level.
                   A        B        C        D        E       F      G
               +--------+--------+--------+--------+--------+-----+--------+
         Total |   8590 |   8085 |    505 |   1179 |   5655 |   7 | 1227.1 |
       Dungeon |   8590 |   8085 |    505 |   1179 |   5655 |   7 | 1227.1 |
               +--------+--------+--------+--------+--------+-----+--------+

Top non-repeatable levels by time:
     D:6: 1791 daAuts
     D:7: 1620 daAuts
     D:4: 1162 daAuts
     D:3: 1120 daAuts
     D:5: 1071 daAuts
     D:1: 937 daAuts
     D:2: 886 daAuts
